 Dungeon Crawl Stone Soup version 0.26-a0-188-ga22346179c (console) character file.

Game seed: 5554288270856844195

(classic levelgen) 12362 pentaxis93 the Covert (level 11, -1/67 HPs)
             Began as an Octopode Conjurer on July 3, 2020.
             Was a High Priest of Vehumet.
             Slain by a polar bear (4 damage)
             ... in an ice cave on July 4, 2020.
             The game lasted 01:19:00 (17958 turns).

pentaxis93 the Covert (Octopode Conjurer)          Turns: 17958, Time: 01:19:01

Health: -1/67      AC:  3    Str: 10    XL:     11   Next: 92%
Magic:  16/24      EV: 13    Int: 21    God:    Vehumet [*****.]
Gold:   518        SH:  4    Dex: 10    Spells: 15/29 levels left

rFire    x x .     SeeInvis +   a - +1 dagger (distort)
rCold    + + .     Faith    .   B - +0 buckler
rNeg     . . .     Spirit   .   D - +2 hat
rPois    +         Reflect  .   (no amulet)
rElec    .         Harm     .   Z - ring of wizardry
rCorr    .                      v - ring of see invisible
MR       .....                  P - ring of poison resistance
Stlth    ++++++....             C - ring of ice
HPRegen  0.21/turn              c - ring of ice
MPRegen  0.19/turn              (no ring)
                                (no ring)
                                (no ring)

@: no status effects
A: almost no armour, stealthy swim, amphibious, 8 rings, constrict 8, camouflage
1, gelatinous body 1
a: Renounce Religion


You were in an ice cave.
You worshipped Vehumet.
Vehumet was extremely pleased with you.
You were not hungry.

You visited 1 branch of the dungeon, and saw 11 of its levels.
You also visited: Ice Cave.

You collected 518 gold pieces.


Innate Abilities, Weirdness & Mutations

You cannot wear most types of armour.
You are very stealthy in the water. (Stealth+)
You are amphibious.
You can wear up to eight rings at the same time.
You can use your tentacles to constrict eight enemies at once.
Your skin changes colour to match your surroundings (Stealth+).
Your rubbery body absorbs attacks. (AC +1, EV +1)


   Skills:
 - Level 3.1 Fighting
 + Level 9.7 Short Blades
 - Level 3.0 Dodging
 + Level 11.7 Stealth
 - Level 4.0 Shields
 * Level 9.8 Spellcasting
 - Level 6.0 Conjurations
 - Level 5.0 Hexes


You had 15 spell levels left.
You knew the following spells:

 Your Spells              Type           Power        Failure   Level  Hunger
f - Fulminant Prism       Conj/Hex       ####......   1%          4    ##.....
m - Iskenderun's Mystic   Conj/Tloc      ###.....     2%          4    ##.....
s - Searing Ray           Conj           #####.       1%          2    None
z - Magic Dart            Conj           ####         1%          1    None
X - Dazzling Flash        Conj/Hex       ####..       1%          3    None

Your spell library contained the following spells:

 Spells                   Type           Power        Failure   Level  Hunger
 Static Discharge         Conj/Air       ###.....     1%          3    None

Inventory:

Hand Weapons
 a - a +1 dagger of distortion (weapon)
   (You found it on level 4 of the Dungeon)
 y - a +1 short sword of venom
   (You took it off an orc on level 5 of the Dungeon)
 K - a +2 vampiric dagger
   (You took it off an orc on level 11 of the Dungeon)
Missiles
 d - 3 atropa-tipped darts
 e - 20 boomerangs (quivered)
 l - 32 sling bullets
 u - 52 bolts
 H - 26 poisoned darts
Armour
 B - a +0 buckler (worn)
   (You took it off a gnoll sergeant on level 7 of the Dungeon)
 D - a +2 hat (worn)
   (You found it on level 5 of the Dungeon)
Magical Staves
 x - an uncursed staff of air {!a, unknown}
   (You found it on level 10 of the Dungeon)
Jewellery
 c - a ring of ice (on tentacle)
   (You found it on level 5 of the Dungeon)
 v - a ring of see invisible (right tentacle)
   (You found it on level 3 of the Dungeon)
 C - a ring of ice (on tentacle)
   (You found it on level 5 of the Dungeon)
 P - a ring of poison resistance (on tentacle)
   (You found it on level 3 of the Dungeon)
 Z - a ring of wizardry (left tentacle)
   (You found it on level 4 of the Dungeon)
Wands
 p - a wand of iceblast (5)
   (You took it off an orc on level 7 of the Dungeon)
 F - a wand of random effects (15)
   (You found it on level 8 of the Dungeon)
 I - a wand of paralysis (8)
   (You took it off an orc wizard on level 8 of the Dungeon)
 N - a wand of polymorph (4)
   (You found it in an ice cave)
Scrolls
 f - 7 scrolls of remove curse {@r2}
 g - 2 scrolls of noise {!r}
 i - 2 scrolls of immolation {!r}
 j - 3 scrolls of teleportation {@r4}
 k - a scroll of fear {unknown}
 r - 3 scrolls of fog
 z - 2 scrolls of magic mapping
 A - 3 scrolls of amnesia
 E - a scroll of blinking {unknown}
 G - a scroll of summoning {unknown}
 J - a scroll of vulnerability {unknown}
 L - a scroll of enchant weapon {unknown}
Potions
 b - 2 potions of lignification {!q}
 h - a potion of resistance {unknown}
 m - a potion of flight {unknown}
 n - a potion of heal wounds {@q2}
 q - 2 potions of mutation {!q}
 s - 2 potions of magic
 t - 3 potions of stabbing
 w - 2 potions of curing {unknown}
Comestibles
 o - 10 rations {@e1}
 M - 3 chunks of flesh

Dungeon Overview and Level Annotations

Branches:
Dungeon (11/15)            Temple (0/1) D:5             Orc (0/2) D:10
  IceCv (1/1)
   Lair: D:8-11

Altars:
Dithmenos
Elyvilon
Fedhas
Gozag
Hepliaklqana
Kikubaaqudgha
Makhleb
Qazlal
Ru
Uskayaw
Vehumet
Yredelemnul
The Shining One
Beogh

Shops:
D:6 *=   D:10 (

Annotations:
D:2 Sigmund
D:4 Edmund
D:5 3 runed translucent doors, SkyBlueFox's ghost, novice VSGl
D:8 !gargoyle
D:10 exclusion: hydra
D:11 3 exclusions

###################
#......#..##.##...##
####.##..#..#h.#h..#
#####..h#####x..#
###..# #...# ###..##
##..## # ##...##
#...# .# ##.#.##
##..# h####....#
#..# ##.###...#
#..## #.###...##
##..# ##.#...##
##...# ##...###
###..### รท..###
####...##


You could see a polar bear (berserk).


Message History

Vehumet accepts your kill.
You feel your power returning.
Cast which spell? (? or * to list)
Aiming: Searing Ray (safe; 1% risk of failure)
Press: ? - help, Shift-Dir - straight line, f - yak
Aim: a yak The searing ray misses the yak. (Press . to maintain the ray.)
The searing ray hits the yak!
The yak is moderately wounded.
The searing ray hits the yak.
The yak is moderately wounded.
Cast which spell? (? or * to list)
Aiming: Searing Ray (safe; 1% risk of failure)
Press: ? - help, Shift-Dir - straight line, f/p - yak
Aim: a yak (moderately wounded)
The searing ray hits the yak!
The yak is heavily wounded. (Press . to maintain the ray.)
The searing ray hits the yak!
The yak is almost dead.
The yak barely misses you.
The searing ray hits the yak!
You kill the yak!
Vehumet accepts your kill.
Things that are here:
a yak corpse x2
You butcher the yak corpse.
M - 3 chunks of flesh
Things that are here:
a yak skeleton; a yak corpse You butcher the yak corpse.
M - 8 chunks of flesh (gained 5)
Things that are here:
a yak skeleton x2
Eating one of 8 chunks of flesh.
You eat one of the 8 chunks of flesh.
This raw flesh tastes terrible.
You are feeling very hungry.
Eating one of 7 chunks of flesh.
You eat one of the 7 chunks of flesh.
This raw flesh tastes terrible.
You start resting.
Magic restored.
A wolf comes into view.
Cast which spell? (? or * to list)
Aiming: Magic Dart (safe; 1% risk of failure)
Press: ? - help, Shift-Dir - straight line, f - wolf
Aim: a wolf (wandering, hasn't noticed you)
The magic dart hits the wolf.
The wolf is lightly wounded.
The wolf howls!
A wolf comes into view.
The wolf bites you. You block the wolf's attack. You block the wolf's attack.
The wolf closely misses you.
Cast which spell? (? or * to list)
Aiming: Searing Ray (safe; 1% risk of failure)
Press: ? - help, Shift-Dir - straight line, f - wolf, p - wolf
Aim: a wolf (wandering, hasn't noticed you)
The searing ray hits the wolf.
The wolf is moderately wounded.
The searing ray misses the wolf. (Press . to maintain the ray.)
The wolf bites you!
The searing ray hits the wolf!
The wolf is severely wounded.
The searing ray hits the wolf.
The wolf is moderately wounded.
The wolf bites you. The wolf misses you.
The searing ray misses the wolf.
The searing ray hits the wolf.
The wolf is heavily wounded.
The wolf bites you. The wolf closely misses you.
The searing ray misses the wolf.
The searing ray hits the wolf.
The wolf is severely wounded.
You finish channeling your searing ray.
The wolf bites you.
Cast which spell? (? or * to list)
Aiming: Searing Ray (safe; 1% risk of failure)
Press: ? - help, Shift-Dir - straight line, f/p - wolf
Aim: a wolf (severely wounded)
The searing ray hits the wolf!
You kill the wolf!
Vehumet accepts your kill.
You feel your power returning.
The searing ray hits the wolf!
You kill the wolf!
Vehumet accepts your kill.
You feel your power returning. (Press . to maintain the ray.)
You see here a wolf corpse.
You butcher the wolf corpse.
M - 9 chunks of flesh (gained 3)
You see here a wolf skeleton.
You start resting.
A wolf comes into view.
Cast which spell? (? or * to list)
Aiming: Magic Dart (safe; 1% risk of failure)
Press: ? - help, Shift-Dir - straight line, f - wolf
Aim: a wolf (wandering, hasn't noticed you)
The magic dart hits the wolf.
The wolf is lightly wounded.
The wolf howls!
Cast which spell? (? or * to list)
Aiming: Searing Ray (safe; 1% risk of failure)
Press: ? - help, Shift-Dir - straight line, f/p - wolf
Aim: a wolf (lightly wounded)
The searing ray hits the wolf.
The wolf is moderately wounded. (Press . to maintain the ray.)
The searing ray hits the wolf!
The wolf is severely wounded.
The searing ray hits the wolf!
You kill the wolf!
Vehumet accepts your kill.
You start resting.
Magic restored.
Eating one of 9 chunks of flesh.
You eat one of the 9 chunks of flesh.
This raw flesh tastes terrible.
HP restored.
You see here a wolf skeleton.
Found a twisted brass wand.
Some of the chunks of flesh in your inventory have rotted away.
Found a pink potion.
N - a wand of polymorph (4)
w - 2 pink potions (gained 1)
A yak and a polar bear come into view.
Cast which spell? (? or * to list)
Aiming: Fulminant Prism (dangerous; 1% risk of failure)
Press: ? - help, Dir - move target cursor You conjure a prism of explosive energy!
A fulminant prism comes into view.
Your fulminant prism crackles loudly.
Something gores your fulminant prism!
Your fulminant prism explodes!
The blast of energy engulfs the polar bear!
The polar bear is moderately wounded.
You hear a bellow!
You hear an angry growl.
You hear a bellow!
You hear an angry growl.
You hear a bellow!
Cast which spell? (? or * to list)
Aiming: Searing Ray (safe; 1% risk of failure)
Press: ? - help, Shift-Dir - straight line, f - polar bear
Aim: a polar bear (moderately wounded)
The searing ray hits the polar bear.
The polar bear is heavily wounded. (Press . to maintain the ray.)
The searing ray hits the polar bear.
The polar bear is heavily wounded.
Cast which spell? (? or * to list)
Aiming: Searing Ray (safe; 1% risk of failure)
Press: ? - help, Shift-Dir - straight line, f/p - polar bear
Aim: a polar bear (heavily wounded)
The searing ray misses the polar bear. (Press . to maintain the ray.)
The searing ray hits the polar bear.
The polar bear is heavily wounded.
Cast which spell? (? or * to list)
You erupt in a blast of force!
The mystic blast hits the polar bear but does no damage.
The polar bear is heavily wounded.
The polar bear misses you. The polar bear claws you.
The polar bear closely misses you.
Cast which spell? (? or * to list)
You erupt in a blast of force!
The mystic blast hits the polar bear.
The polar bear is heavily wounded.
The polar bear barely misses you. The polar bear claws you. x2
Cast which spell? (? or * to list)
You erupt in a blast of force!
The mystic blast hits the polar bear!
The polar bear is severely wounded.
The polar bear is knocked back by the mystic blast.
Cast which spell? (? or * to list)
You erupt in a blast of force!
The mystic blast hits the polar bear but does no damage.
The polar bear is severely wounded.
* * * LOW MAGIC WARNING * * *
You block the polar bear's attack. x2; The polar bear claws you.
You hit the polar bear.
Space warps horribly around the polar bear!
You kill the polar bear!
Vehumet accepts your kill.
You feel your power returning.
You start resting.
HP restored.
All of the chunks of flesh in your inventory have rotted away.
Magic restored.
A rime drake comes into view.
The rime drake hisses angrily.
The rime drake barely misses you.
Cast which spell? (? or * to list)
Aiming: Searing Ray (safe; 1% risk of failure)
Press: ? - help, Shift-Dir - straight line, f - rime drake
Aim: a rime drake The searing ray hits the rime drake.
The rime drake is lightly wounded. (Press . to maintain the ray.)
The rime drake breathes ice at you. The flash freeze hits you!
You partially resist.
You are encased in ice.
The searing ray hits the rime drake.
The rime drake is moderately wounded.
The rime drake bites you.
The searing ray hits the rime drake!
The rime drake is severely wounded.
The ice encasing you melts away. The rime drake bites you.
The searing ray hits the rime drake.
The rime drake is almost dead.
You finish channeling your searing ray.
The rime drake barely misses you.
Cast which spell? (? or * to list)
Aiming: Searing Ray (safe; 1% risk of failure)
Press: ? - help, Shift-Dir - straight line, f/p - rime drake
Aim: a rime drake (almost dead, catching its breath)
The searing ray hits the rime drake!
You kill the rime drake!
Vehumet accepts your kill.
You feel your power returning. (Press . to maintain the ray.)
You start resting.
Magic restored.
You are feeling hungry.
You start resting.
HP restored.
A wolf comes into view.
A polar bear comes into view.
Cast which spell? (? or * to list)
Aiming: Magic Dart (safe; 1% risk of failure)
Press: ? - help, Shift-Dir - straight line, f - wolf
Aim: a wolf (wandering, hasn't noticed you)
The magic dart hits the wolf but does no damage.
The wolf howls!
You hear an angry growl.
You hear a howl!
Cast which spell? (? or * to list)
Aiming: Searing Ray (safe; 1% risk of failure)
Press: ? - help, Shift-Dir - straight line, f/p - wolf
Aim: a wolf The searing ray hits the wolf!
The wolf is heavily wounded. (Press . to maintain the ray.)
The wolf bites you! The wolf closely misses you.
The searing ray hits the wolf.
The wolf is severely wounded.
The wolf closely misses you. The wolf bites you!
The searing ray hits the wolf!
You kill the wolf!
Vehumet accepts your kill.
You feel your power returning.
You see here a wolf corpse.
You butcher the wolf corpse.
M - 4 chunks of flesh You see here a wolf skeleton.
You start resting.
Eating one of 4 chunks of flesh.
You eat one of the 4 chunks of flesh.
This raw flesh tastes terrible.
Magic restored.
The polar bear is too close now for your liking.
Cast which spell? (? or * to list)
Aiming: Searing Ray (safe; 1% risk of failure)
Press: ? - help, Shift-Dir - straight line, f - polar bear
Aim: a polar bear (wandering, hasn't noticed you)
The searing ray hits the polar bear!
The polar bear is moderately wounded. (Press . to maintain the ray.)
The searing ray hits the polar bear.
The polar bear is moderately wounded.
The searing ray hits the polar bear!
The polar bear is heavily wounded.
Cast which spell? (? or * to list)
Aiming: Searing Ray (safe; 1% risk of failure)
Press: ? - help, Shift-Dir - straight line, f/p - polar bear
Aim: a polar bear (heavily wounded)
The searing ray hits the polar bear!
The polar bear is severely wounded. (Press . to maintain the ray.)
The polar bear goes berserk!
The searing ray hits the polar bear.
The polar bear is severely wounded.
The polar bear bites you!! The polar bear claws you. x2
The searing ray hits the polar bear but does no damage.
The polar bear is severely wounded.
The polar bear closely misses you.
The polar bear claws you but does no damage.
The polar bear closely misses you.
The searing ray hits the polar bear.
The polar bear is severely wounded.
You finish channeling your searing ray.
The polar bear bites you.
* * * LOW HITPOINT WARNING * * *
The polar bear barely misses you. The polar bear claws you.
* * * LOW HITPOINT WARNING * * *
The polar bear closely misses you. You block the polar bear's attack.
The polar bear closely misses you.
Cast which spell? (? or * to list)
You erupt in a blast of force!
The mystic blast misses the polar bear.
The polar bear bites you!!
* * * LOW HITPOINT WARNING * * *
The polar bear claws you but does no damage.
The polar bear barely misses you.
Evoke which item? (* to show all) (? for menu, Esc to quit)
Okay, then.
Unknown command.
Evoke which item? (* to show all) (? for menu, Esc to quit)
Aiming: Paralyse
Press: ? - help, Shift-Dir - straight line, f/p - polar bear
Aim: a polar bear (severely wounded, berserk, chance to defeat MR: 46%)
Okay, then.
Unknown command.
Unknown command.
You completely miss the polar bear. Your squeeze misses the polar bear.
The polar bear is severely wounded.
The polar bear misses you. The polar bear closely misses you.
The polar bear claws you.
You die...

Skill      XL: |  1  2  3  4  5  6  7  8  9 10 11 |
---------------+----------------------------------+-----
Fighting       | 1 2 3 |  3.1
Stealth        | 3 4 5 6 7 9 10 11 | 11.7
Hexes          | 2 3 4 5 |  5.0
Short Blades   | 1 2 3 6 7 8 9 |  9.7
Spellcasting   | 3 4 5 7 9 |  9.8
Conjurations   | 5 6 |  6.0
Shields        | 2 4 |  4.0
Dodging        | 3 |  3.0

Action                   |  1- 3 |  4- 6 |  7- 9 | 10-12 || total
-------------------------+-------+-------+-------+-------++-------
Melee: Unarmed           |    17 |       |       |       ||    17
       Constrict         |    10 |    16 |    14 |     3 ||    43
       Tentacles         |     7 |    15 |     6 |     3 ||    31
       Dagger            |    38 |    75 |    97 |    87 ||   297
       Short sword       |       |       |     1 |       ||     1
 Fire: Hunting sling     |       |     1 |       |       ||     1
Throw: Boomerang         |       |     2 |       |     2 ||     4
 Cast: Magic Dart        |    16 |    19 |   118 |   144 ||   297
       Searing Ray       |     4 |    10 |    40 |   107 ||   161
       Fulminant Prism   |       |       |     1 |    27 ||    28
       Iskenderun's Myst |       |       |       |    18 ||    18
  Use: Scroll            |     2 |     3 |     6 |     6 ||    17
       Potion            |       |       |       |     1 ||     1
 Stab: Sleeping          |     7 |    15 |    18 |     5 ||    45
       Distracted        |       |       |       |     1 ||     1
  Eat: Chunk             |     2 |     8 |    14 |    23 ||    47
       Ration            |       |     1 |       |     2 ||     3
Armor: Skin              |     4 |     6 |     7 |    18 ||    35
Dodge: Dodged            |    25 |    39 |    43 |    89 ||   196
Block: Buckler           |       |       |     1 |    39 ||    40

Levels and vault maps discovered:
D:1:      minmay_arrival_semitransparent, layout_loops_ring
D:2:      layout_basic, uniq_sigmund, uniq_crazy_yiuf_cottage, uniq_jessica
D:3:      layout_loops_ring, grunt_temple_overflow_lords_of_destruction,
          dancing_weapons_uskayaw, lemuel_crystal_altar,
          chequers_ecumenical_altar_island
D:4:      layout_loops_ring, nicolae_ru_sacrificial_ziggurat, serial_glass,
          glass_columns_a, glass_columns_a, serial_bayou_lagoon_b, uniq_edmund
D:5:      layout_loops_ring, minmay_temple_entry_junction, basic_altar,
          biasface_ghost_orc_armoury, first_ration, kennysheep_generic_room_14,
          uniq_blork_the_orc
D:6:      layout_basic, grunt_temple_overflow_holy_war,
          nicolae_gozag_zags_fifth_avenue, serial_shops, shop, basic_altar
D:7:      layout_loops_corners, marbit_many_paths,
          grunt_temple_overflow_growth_and_decay, basic_altar, uniq_menkaure,
          uniq_prince_ribbit1
D:8:      layout_basic, lemuel_doored_altar
D:9:      layout_irregular_city, serial_bayou, serial_bayou_crossing,
          serial_bayou_lake_a, serial_bayou_lagoon_a, serial_bayou_shore_a
D:10:     layout_basic, serial_shops, kennysheep_mini_moat, hangedman_ranch
          [blue_anna_fruit_fields]
D:11:     layout_rooms, erik_lair_orcish_takeover,
          portal_ice_cave_entry_ice_beasts
IceCv:    ice_cave_caverns_01

Notes
Turn   | Place    | Note
-------+----------+-------------------------------------------
     0 | D:1      | pentaxis93 the Octopode Conjurer began the quest for the
                  | Orb.
     0 | D:1      | Reached XP level 1. HP: 11/11 MP: 3/3
   145 | D:1      | Reached skill level 1 in Fighting
   177 | D:1      | Reached skill level 3 in Stealth
   181 | D:1      | Reached XP level 2. HP: 13/18 MP: 3/5
   185 | D:1      | Learned a level 2 spell: Searing Ray
   436 | D:1      | Reached skill level 4 in Stealth
   613 | D:1      | Reached XP level 3. HP: 23/23 MP: 4/6
   618 | D:1      | Learned a level 3 spell: Dazzling Flash
  1064 | D:2      | Noticed Sigmund
  1280 | D:2      | Reached skill level 1 in Hexes
  1943 | D:2      | Noticed Jessica
  1951 | D:2      | Killed Jessica
  1951 | D:2      | Reached skill level 2 in Fighting
  1951 | D:2      | Reached skill level 2 in Hexes
  1951 | D:2      | Reached XP level 4. HP: 21/29 MP: 0/7
  2625 | D:3      | Noticed a +0 hand axe
  2627 | D:3      | Noticed a +0 dagger
  2628 | D:3      | Found a hide-covered altar of Uskayaw.
  2631 | D:3      | Found a faded altar of an unknown god.
  2759 | D:3      | Found a radiant altar of Vehumet.
  2760 | D:3      | Found a burning altar of Makhleb.
  2762 | D:3      | Reached skill level 3 in Hexes
  2762 | D:3      | Reached XP level 5. HP: 28/34 MP: 5/8
  2820 | D:3      | Became a worshipper of Vehumet
  3317 | D:3      | Found a stormy altar of Qazlal.
  3912 | D:4      | Reached skill level 1 in Short Blades
  3912 | D:4      | Reached skill level 5 in Stealth
  3912 | D:4      | Reached XP level 6. HP: 18/39 MP: 9/9
  4203 | D:4      | Noticed a phantom
  4238 | D:4      | Killed a phantom
  4238 | D:4      | Reached skill level 2 in Short Blades
  4572 | D:4      | Found a sacrificial altar of Ru.
  4654 | D:4      | Noticed Edmund
  4715 | D:4      | Reached * piety under Vehumet
  4715 | D:4      | Offered knowledge of Foxfire by Vehumet.
  4847 | D:4      | Reached XP level 7. HP: 45/45 MP: 7/11
  4970 | D:4      | Reached skill level 3 in Spellcasting
  4970 | D:4      | Reached skill level 4 in Hexes
  5025 | D:4      | Reached skill level 3 in Short Blades
  5276 | D:4      | Reached skill level 6 in Stealth
  5630 | D:5      | Entered Level 5 of the Dungeon
  5684 | D:5      | Reached XP level 8. HP: 50/50 MP: 7/13
  5757 | D:5      | Reached skill level 4 in Short Blades
  5989 | D:5      | Reached skill level 5 in Conjurations
  6007 | D:5      | Found a staircase to the Ecumenical Temple.
  6060 | D:5      | Found a runed translucent gate.
  6079 | D:5      | Found a runed translucent gate.
  6080 | D:5      | Found a runed translucent gate.
  6125 | D:5      | Noticed SkyBlueFox's ghost (novice VSGl)
  6129 | D:5      | Identified the +9 hand axe of Resonant Absolution {venom,
                  | *Slow Str+5 Int+2}
  6171 | D:5      | Noticed Blork the orc
  6178 | D:5      | Killed Blork the orc
  6264 | D:5      | Found a roughly hewn altar of Beogh.
  6344 | D:5      | Offered knowledge of Freeze by Vehumet.
  6352 | D:5      | Reached ** piety under Vehumet
  6564 | D:5      | Found a hazy altar of Hepliaklqana.
  6726 | D:6      | Reached skill level 7 in Stealth
  6784 | D:6      | Reached skill level 5 in Short Blades
  6784 | D:6      | Reached skill level 4 in Spellcasting
  7310 | D:6      | Found Bodifrul's Jewellery Shoppe.
  7327 | D:6      | Reached skill level 6 in Short Blades
  7327 | D:6      | Reached XP level 9. HP: 41/54 MP: 10/15
  7443 | D:6      | Found an opulent altar of Gozag.
  7453 | D:6      | Reached skill level 8 in Stealth
  7481 | D:6      | Offered knowledge of Ignite Poison by Vehumet.
  7544 | D:6      | Reached skill level 5 in Hexes
  7731 | D:6      | Found Gozag's Platinum Reserve.
  7789 | D:6      | Found a hide-covered altar of Uskayaw.
  7943 | D:6      | Found a basalt altar of Yredelemnul.
  7945 | D:6      | Noticed a profane servitor
  7971 | D:6      | Found a glowing golden altar of the Shining One.
  7974 | D:6      | Noticed an angel
  8148 | D:7      | Reached *** piety under Vehumet
  8156 | D:7      | Learned a level 4 spell: Fulminant Prism
  8161 | D:7      | Learned a level 4 spell: Iskenderun's Mystic Blast
  8501 | D:7      | Reached skill level 5 in Spellcasting
  8576 | D:7      | Reached skill level 7 in Short Blades
  8643 | D:7      | Found a blossoming altar of Fedhas.
  8660 | D:7      | Found an ancient bone altar of Kikubaaqudgha.
  8695 | D:7      | Found a stormy altar of Qazlal.
  8850 | D:7      | Reached skill level 1 in Shields
  8886 | D:7      | Offered knowledge of Inner Flame by Vehumet.
  8907 | D:7      | Found a shadowy altar of Dithmenos.
  9056 | D:7      | Noticed Prince Ribbit
  9111 | D:7      | Noticed Menkaure
  9114 | D:7      | Killed Menkaure
  9114 | D:7      | Reached skill level 9 in Stealth
  9114 | D:7      | Reached skill level 2 in Shields
  9146 | D:7      | Killed Prince Ribbit
  9160 | D:7      | Reached skill level 6 in Conjurations
  9375 | D:7      | Reached XP level 10. HP: 60/60 MP: 18/18
  9714 | D:7      | Reached skill level 3 in Shields
 10004 | D:8      | Found a white marble altar of Elyvilon.
 10145 | D:8      | Reached **** piety under Vehumet
 10691 | D:8      | Offered knowledge of Static Discharge by Vehumet.
 10691 | D:8      | Reached skill level 4 in Shields
 10721 | D:8      | Noticed a gargoyle
 10900 | D:8      | Reached skill level 6 in Spellcasting
 11756 | D:8      | Upgraded the game from 0.26-a0-163-g6c8a0bf695 to
                  | 0.26-a0-188-ga22346179c
 12187 | D:9      | Reached skill level 10 in Stealth
 12344 | D:9      | Reached skill level 8 in Short Blades
 13486 | D:9      | Reached skill level 3 in Dodging
 13486 | D:9      | Reached skill level 7 in Spellcasting
 14080 | D:9      | Noticed a two-headed ogre
 14216 | D:9      | Killed a two-headed ogre
 14216 | D:9      | Reached skill level 3 in Fighting
 14341 | D:9      | Reached XP level 11. HP: 62/67 MP: 18/22
 14776 | D:10     | Entered Level 10 of the Dungeon
 14946 | D:10     | Reached skill level 8 in Spellcasting
 15193 | D:10     | Found a staircase to the Orcish Mines.
 15220 | D:10     | Found Wudi's Antique Weapon Shoppe.
 15786 | D:10     | Noticed a three-headed hydra
 15961 | D:11     | Reached skill level 9 in Short Blades
 15999 | D:11     | Noticed a two-headed ogre
 16040 | D:11     | Killed a two-headed ogre
 16047 | D:11     | Noticed a green ugly thing
 16052 | D:11     | Banished a green ugly thing
 16112 | D:11     | Reached skill level 11 in Stealth
 16126 | D:11     | Reached skill level 9 in Spellcasting
 16228 | D:11     | Found a frozen archway.
 16363 | IceCv    | Entered an ice cave
 17032 | IceCv    | HP: 3/67 [polar bear (28)]
 17497 | IceCv    | Reached ***** piety under Vehumet
 17957 | IceCv    | HP: 3/67 [polar bear (25)]
 17958 | IceCv    | Slain by a polar bear

Vanquished Creatures
  2 two-headed ogres (D:9 D:11)
  A rime drake (IceCv)
  3 polar bears (IceCv)
  Prince Ribbit (D:7)
  A hornet (D:11)
  2 dream sheep (D:10)
  8 yaks (D:9 D:10 IceCv)
  3 wyverns (D:9 D:11)
  A hungry ghost (D:7)
  Menkaure (D:7)
  4 orc warriors (D:8 D:9 D:10)
  2 black bears (D:6 D:11)
  5 ice beasts (D:11)
  A sky beast (D:7)
  4 phantoms (D:4 D:6 D:7)
  10 ogres (D:4 D:5 D:6 D:7 D:8)
  3 centaurs (D:7 D:8)
  11 wolves (IceCv)
  2 big kobolds (D:10)
  Blork the orc (D:5)
  3 bullfrogs (D:5 D:6 D:10)
  2 gnoll sergeants (D:6 D:7)
  A scorpion (D:7)
  5 killer bees (D:8)
  8 electric eels (D:9)
  3 howler monkeys (D:4 D:5)
  A crimson imp (D:3)
  2 centaur zombies (D:6 D:7)
  A quasit (D:9)
  3 bullfrog skeletons (D:4 D:5 D:11)
  9 orc priests (D:7 D:8 D:9 D:10 D:11)
  7 hounds (D:5 D:6 D:7 D:8 D:9)
  17 orc wizards (D:4 D:5 D:6 D:7 D:8)
  2 centaur skeletons (D:7 D:11)
  A gnoll shaman (D:7)
  Jessica (D:2)
  10 worker ants (D:4 D:5 D:6 D:7 D:8)
  An iguana (D:8)
  2 hound zombies (D:4 D:11)
  2 worker ant zombies (D:7)
  A howler monkey zombie (D:9)
  29 gnolls (D:3 D:4 D:6 D:7)
  7 adders (D:2 D:3 D:4 D:7 D:9)
  A howler monkey skeleton (D:6)
  A shadow imp (D:10)
  2 white imps (D:7 D:8)
  2 ufetubi (D:6 D:7)
  2 adder skeletons (D:5 D:7)
  2 worms (D:3 D:4)
  2 dart slugs (D:1 D:2)
  2 leopard geckos (D:1 D:6)
  52 orcs (D:4 D:5 D:6 D:7 D:8)
  10 bats (D:1 D:2 D:3)
  5 giant cockroaches (D:1 D:3)
  11 goblins (D:1 D:2 D:3)
  7 hobgoblins (D:1 D:3)
  6 jackals (D:3 D:7)
  6 kobolds (D:1 D:2)
  3 quokkas (D:4 D:10)
  A ball python (D:6)
  7 frilled lizards (D:1 D:3 D:4 D:5)
  A leopard gecko skeleton (D:6)
  A leopard gecko zombie (D:5)
  2 quokka skeletons (D:4 D:7)
  4 rats (D:1 D:3)
314 creatures vanquished.

Vanquished Creatures (others)
  A yak (D:9)
  4 ice beasts (D:11)
  A jelly (D:6)
  A bullfrog skeleton (D:6)
  A worker ant (D:6)
  28 fulminant prisms (D:7 D:8 D:9 D:10 D:11)
  6 plants (D:7 D:9 D:11)
42 creatures vanquished.

Grand Total: 356 creatures vanquished

Table legend:
 A = Turns spent in this place as a percentage of turns spent in the entire game.
 B = Non-inter-level travel turns spent in this place as a percentage of non-inter-level travel turns spent in the entire game.
 C = Inter-level travel turns spent in this place as a percentage of turns spent in this place.
 D = Turns resting spent in this place as a percentage of non-inter-level travel turns spent in this place.
 E = Turns spent auto-exploring this place as a percentage of non-inter-level travel turns spent in this place.
 F = Non-inter-level travel turns spent in this place divided by the number of levels of this place that you've seen.
                   A       B       C       D       E      F
               +-------+-------+-------+-------+-------+----------------------
         Total | 100.0 | 100.0 |   2.5 |  23.7 |  50.2 | 1458.8
       Dungeon |  91.1 |  90.9 |   2.8 |  19.5 |  55.3 | 1446.4
      Ice Cave |   8.9 |   9.1 |   0.0 |  65.9 |   0.0 | 1595.0
               +-------+-------+-------+-------+-------+----------------------

Table legend:
 A = Kills in this place as a percentage of kills in entire the game.
 B = Kills by you in this place as a percentage of kills by you in the entire game.
 C = Kills by friends in this place as a percentage of kills by friends in the entire game.
 D = Other kills in this place as a percentage of other kills in the entire game.
 E = Experience gained in this place as a percentage of experience gained in the entire game.
 F = Experience gained in this place divided by the number of levels of this place that you have seen.
                   A       B       C       D       E      F
               +-------+-------+-------+-------+-------+----------------------
         Total | 100.0 | 100.0 |   N/A | 100.0 | 100.0 | 1471.8
       Dungeon |  94.4 |  94.3 |   N/A | 100.0 |  82.3 | 1321.3
      Ice Cave |   5.6 |   5.7 |   N/A |   0.0 |  17.7 | 3127.0
               +-------+-------+-------+-------+-------+----------------------

Table legend:
 A = Non-vault XP
 B = Vault XP
 C = Vault XP percentage of total XP
 D = Non-vault monster count
 E = Vault monster count
 F = Vault count percentage of total count
                 A         B        C        D         E       F
            +---------+---------+-------+---------+---------+-------
      Total |   11739 |    5922 |  33.5 |     283 |      38 |  11.8
            +---------+---------+-------+---------+---------+-------
        D:1 |      46 |       0 |   0.0 |      27 |       0 |   0.0
        D:2 |      43 |      37 |  46.2 |      10 |       1 |   9.1
        D:3 |      98 |      50 |  33.8 |      24 |       1 |   4.0
        D:4 |     745 |       0 |   0.0 |      32 |       0 |   0.0
        D:5 |     540 |     101 |  15.8 |      19 |       2 |   9.5
        D:6 |    1249 |       0 |   0.0 |      30 |       0 |   0.0
        D:7 |    1502 |     458 |  23.4 |      44 |       2 |   4.3
        D:8 |    1245 |       0 |   0.0 |      32 |       0 |   0.0
        D:9 |    3525 |       0 |   0.0 |      39 |       0 |   0.0
       D:10 |     362 |    1113 |  75.5 |      12 |       6 |  33.3
       D:11 |    2384 |    1036 |  30.3 |      14 |       8 |  36.4
      IceCv |       0 |    3127 | 100.0 |       0 |      18 | 100.0
            +---------+---------+-------+---------+---------+-------
